AoeStats
← crissivan33

Arena

508935411Analyzed
3v3 RM · 7d ago on Sep 24, 2026· 42m 5s· 6 players
Game mode
Random Map
Map size
Normal (6 player)
Population
200
Speed
Normal
Resources
Standard
Victory
Conquest
Starting age
Dark Age
Ending age
Imperial Age
RankedLock teamsTeams togetherTeam positionsShared explorationLock speedFull tech treeHidden civsTurbo modeCheats
Victory
Defeat
🇭🇰 Franks · Hong Kong SAR China
1259
+15
🇨🇳 Saracens · China
1235
+16
🇨🇴 Bohemians · Colombia
1211
+17
🇹🇷 Khmer · Türkiye
1348
-21
🇹🇷 Britons · Türkiye
1286
-18
🇹🇷 Danes · Türkiye
1049
-9
TheCaesar
10:40 Feudal Age
15:06 Castle Age
13:20 Double-Bit Axe
13:32 Stone Mining
16:24 Bow Saw
16:09 Fletching
27:55 Imperial Age
26:02 Wheelbarrow
25:15 Loom
26:11 Padded Archer Armor
26:30 Horse Collar
26:42 Gold Mining
28:20 Ballistics
28:24 Bodkin Arrow
28:45 Leather Archer Armor
29:49 Chemistry
30:25 Bracer
30:56 Ring Archer Armor
31:50 Forging
31:41 Scale Mail Armor
31:49 Pikeman
32:29 Squires
32:15 Arson
32:15 Crossbowman
34:07 Halberdier
34:21 Arbalester
36:58 Iron Casting
36:39 Chain Mail Armor
Elitore
8:16 Loom
8:48 Loom
10:34 Feudal Age
14:01 Castle Age
11:48 Double-Bit Axe
11:45 Horse Collar
20:56 Wheelbarrow
21:02 Stone Mining
21:34 Heavy Plow
21:43 Gold Mining
23:03 Bow Saw
23:30 Gold Shaft Mining
24:08 Stone Shaft Mining
24:36 Hand Cart
25:22 Fletching
29:11 Imperial Age
27:08 Bodkin Arrow
29:23 Husbandry
29:33 Bloodlines
29:36 Forging
29:32 Scale Barding Armor
30:26 Ballistics
30:02 Murder Holes
30:50 Crop Rotation
30:45 Conscription
31:16 Iron Casting
30:40 Town Watch
30:48 Elite Ballista Elephant
32:46 Chemistry
32:32 Town Patrol
32:51 Double Crossbow
34:14 Blast Furnace
34:37 Chain Barding Armor
34:39 Bracer
36:47 Tusk Swords
36:33 Elite Battle Elephant
Andorra Elturco
7:04 Loom
10:37 Feudal Age
11:06 Double-Bit Axe
15:36 Castle Age
14:59 Forging
16:51 Squires
16:38 Gambesons
17:47 Horse Collar
25:03 Stone Mining
26:00 Scale Mail Armor
27:56 Ballistics
wuyu
10:52 Feudal Age
15:16 Castle Age
14:41 Double-Bit Axe
14:39 Horse Collar
22:41 Wheelbarrow
23:42 Heavy Plow
25:02 Bow Saw
24:45 Gold Mining
25:32 Stone Mining
26:22 Gold Shaft Mining
28:31 Hand Cart
29:11 Bimaristan
31:40 Imperial Age
30:19 Murder Holes
30:31 Scale Barding Armor
30:37 Forging
30:59 Town Watch
31:18 Husbandry
31:29 Bloodlines
32:20 Chain Barding Armor
32:53 Conscription
32:01 Light Cavalry
33:18 Iron Casting
35:07 Plate Barding Armor
35:33 Blast Furnace
35:05 Hussar
37:22 Elite Mameluke
大庆Song
11:56 Feudal Age
13:28 Wheelbarrow
13:19 Double-Bit Axe
16:15 Castle Age
15:22 Scale Barding Armor
15:11 Gold Mining
17:28 Bow Saw
20:03 Chain Barding Armor
24:07 Husbandry
27:54 Loom
31:10 Gold Shaft Mining
36:00 Imperial Age
36:25 Hand Cart
36:56 Cavalier
38:12 Plate Barding Armor
37:49 Forging
37:37 Stone Mining
39:12 Fletching
38:59 Paladin
39:28 Capped Ram
40:02 Town Watch
39:59 Light Cavalry
crissivan33
10:28 Feudal Age
14:36 Castle Age
12:51 Double-Bit Axe
12:51 Horse Collar
16:03 Bow Saw
18:32 Sanctity
19:07 Fervor
21:45 Loom
22:23 Fletching
23:10 Bodkin Arrow
24:15 Redemption
24:19 Scale Mail Armor
24:59 Heavy Plow
28:09 Wheelbarrow
28:05 Ballistics
29:03 Chemistry
28:23 Devotion
28:53 Chain Mail Armor
29:47 Wagenburg Tactics
33:46 Imperial Age
32:01 Hand Cart
31:35 Town Watch
32:19 Atonement
32:59 Ballistics
32:52 Forging
34:54 Conscription
34:08 Elite Hussite Wagon
35:18 Conscription
35:30 Illumination
35:22 Block Printing
35:54 Siege Engineers
37:34 Two-Man Saw
38:21 Plate Mail Armor
37:13 Pikeman
37:49 Halberdier
39:09 Iron Casting
39:30 Squires
40:18 Houfnice
43:27 Blast Furnace
43:20 Theocracy
Connection lost

Rejoining the realm…

Still unreachable

The connection could not be restored.

Session expired

The server has moved on; the page needs a fresh start.